 Dungeon Crawl Stone Soup version 0.31-a0-430-gf8416d752b (webtiles) character file.

Game seed: 9521272177411014701

154 Bnni the Digger (level 5, -8/38 HPs)
             Began as a Formicid Earth Elementalist on July 30, 2023.
             Killed by divine providence
             ... invoked by an orc priest
              (13 damage)
             ... on level 4 of the Dungeon.
             The game lasted 00:02:33 (2224 turns).

Bnni the Digger (Formicid Earth Elementalist)       Turns: 2224, Time: 00:02:34

Health: -8/38      AC:  7    Str: 13    XL:     5   Next: 62%
Magic:  8/9        EV: 12    Int: 22    God:
Gold:   129        SH:  0    Dex: 14    Spells: 4/10 levels left

rFire   . . .        j - +0 whip (elec)
rCold   . . .        (no shield)
rNeg    . . .        a - +0 robe
rPois   .            (helmet unavailable)
rElec   .            (no cloak)
rCorr   .            o - +0 pair of gloves
SInv    +            (no boots)
Will    .....        (no amulet)
Stlth   ++           c - +6 ring of intelligence
HPRegen 0.26/turn    n - +4 ring of protection
MPRegen 0.11/turn

%: no passive effects
@: no status effects
A: permanent stasis, dig shafts and tunnels, antennae 3, four strong arms
a: Dig, Shaft Self


You were on level 4 of the Dungeon.
You visited 1 branch of the dungeon, and saw 4 of its levels.

You collected 129 gold pieces.

Inventory:

Hand Weapons
 j - a +0 whip of electrocution (weapon)
Armour
 a - a +0 robe (worn)
 m - a +0 scale mail
 o - a +0 pair of gloves (worn)
 r - a +0 chain mail
Jewellery
 c - a +6 ring of intelligence (left hand)
 n - a +4 ring of protection (right hand)
 s - an amulet of guardian spirit
Scrolls
 d - a scroll of poison {unknown}
 e - 3 scrolls of identify {unknown}
 h - a scroll of fog {unknown}
 i - 4 scrolls of teleportation {unknown}
 k - a scroll of butterflies {unknown}
 l - a scroll of vulnerability {unknown}
 p - 2 scrolls of fear {unknown}
 q - a scroll of brand weapon {unknown}
Potions
 b - a potion of magic
 f - a potion of attraction {unknown}
 g - a potion of might {unknown}
 t - a potion of lignification {unknown}


   Skills:
 + Level 2.1 Fighting
 - Level 1.7 Dodging
 - Level 2.4 Stealth
 + Level 3.1 Spellcasting
 + Level 2.5 Transmutations
 * Level 5.3 Earth Magic


You had 4 spell levels left.
You knew the following spells:

 Your Spells              Type           Power      Damage    Failure   Level
a - Sandblast             Erth           52%        2d12      1%          1
b - Passwall              Tmut/Erth      16%        N/A       3%          2
c - Stone Arrow           Conj/Erth      30%        3d8       12%         3

Your spell library contained the following spells:

 Spells                   Type           Power      Damage    Failure   Level
 Petrify                  Tmut/Erth      20%        N/A       24%         4


Dungeon Overview and Level Annotations

Branches:
Dungeon (4/15)
 Temple: D:4-7

Altars:
Ashenzari


Innate Abilities, Weirdness & Mutations

You cannot be hasted, slowed, berserked, paralysed or teleported.
You can dig through walls and to a lower floor.
You have a pair of large antennae on your head. (SInv)
Your four strong arms can wield two-handed weapons with a shield.


Message History

You destroy the phantom!
Your Fighting skill increases to level 2!
Your Spellcasting skill increases to level 3!
Your Earth Magic skill increases to level 5!
You have reached level 5!
i - 4 scrolls labelled FAJAOSUAMI (gained 1)
There is an open door here.
There is an open door here.
s - an amulet of guardian spirit You open the door.
There is an open door here.
You open the door.
There is an open door here.
You now have 129 gold pieces (gained 4).
Found a stone staircase leading up.
Okay, then.
An iguana comes into view.
An iguana is nearby!
Okay, then.
The iguana hisses angrily.
You hear a shout! x2
An orc priest comes into view. It is wielding a +0 whip.
You hear a shout!
You see here a fuming orange potion.
t - a fuming orange potion The orc priest mumbles some strange prayers to Beogh against you.
Beogh smites you!
Aiming: Sandblast (safe; 1% risk of failure)
Press: ? - help, Q - select action, (/) - cycle Shift-Dir - straight line, f - iguana
Aim: an iguana (85% to hit)
The blast of sand hits the iguana!
The iguana is severely wounded.
The orc priest calls down the wrath of Beogh upon you.
Beogh smites you!
* * * LOW HITPOINT WARNING * * *
An orc comes into view. It is wielding a +0 flail.
The iguana attacks as you move away! The iguana bites you!
* * * LOW HITPOINT WARNING * * *
The orc priest invokes the aid of Beogh against you.
Beogh smites you!
You die...

#.#.# ###. #.#.# #.oo
#.#.# #..# #.#.# #..###
#####.#.# #....
.....>#.##.####...#
.######.##......l.#####.
.# #.# #........ .# #.#
###@####### .# #.#
##........<. .# #.#
#....#####.. .#
#.#####........?.. .#
#.##......#######.
.######.##.#....#
.........#.#....#
#######'##.#....#
#.....#.#....#


You could see an iguana, an orc priest and an orc.

Vanquished Creatures
  A phantom (D:4)
  2 adders
  2 dart slugs (D:4)
  7 orcs (D:3)
  5 bats
  3 endoplasms
  5 giant cockroaches
  3 goblins (D:3)
  3 hobgoblins
  2 jackals (D:3)
  3 quokkas
  5 ball pythons
  4 frilled lizards
  2 kobolds
  3 rats (D:3)
50 creatures vanquished.

Notes
Turn   | Place    | Note
-------+----------+-------------------------------------------
     0 | D:1      | Bnni the Formicid Earth Elementalist began the quest for
                  | the Orb.
     0 | D:1      | Reached XP level 1. HP: 13/13 MP: 3/3
   299 | D:1      | Reached XP level 2. HP: 20/20 MP: 3/5
   613 | D:2      | Reached skill level 4 in Earth Magic
   869 | D:2      | Reached skill level 1 in Fighting
   869 | D:2      | Reached XP level 3. HP: 26/26 MP: 4/6
  1227 | D:3      | Learned a level 2 spell: Passwall
  1231 | D:3      | Learned a level 3 spell: Stone Arrow
  1307 | D:3      | Reached XP level 4. HP: 29/32 MP: 2/7
  1711 | D:3      | Found a broken altar of Ashenzari.
  2059 | D:4      | Noticed a phantom
  2065 | D:4      | Killed a phantom
  2066 | D:4      | Reached skill level 5 in Earth Magic
  2066 | D:4      | Reached XP level 5. HP: 38/38 MP: 3/9
  2224 | D:4      | Killed from afar by an orc priest

Illustrated notes

Levels and vault maps discovered:
D:1:      eino_arrival_cavern_e, layout_basic, serial_bayou_ford_a,
          minmay_tiny_reverse_x
D:2:      layout_rooms, minivault_14
D:3:      layout_loops_cross, mainiacjoe_overflow_six_doors_small
D:4:      layout_basic, grunt_temple_overflow_open,
          minmay_temple_entry_enclosed_plants, st_stairs_14

Skill      XL: |  1  2  3  4 |
---------------+-------------+-----
Earth Magic    | 4 5 |  5.3
Fighting       | 1 2 |  2.1
Transmutations | 2 |  2.5
Spellcasting   | 3 |  3.1
Dodging        | |  1.7
Stealth        | |  2.4

Action                     |  1- 3 |  4- 6 || total
---------------------------+-------+-------++-------
  Melee: Unarmed           |     8 |       ||     8
         Whip              |    25 |    23 ||    48
   Cast: Sandblast         |    29 |    21 ||    50
   Stab: Sleeping          |     2 |     1 ||     3
 Armour: Robe              |    10 |     8 ||    18
  Dodge: Dodged            |    34 |    28 ||    62

Table legend: (Time is in decaauts)
 A = Elapsed time spent in this place.
 B = Non-inter-level travel time spent in this place.
 C = Inter-level travel time spent in this place.
 D = Time resting spent in this place.
 E = Time spent auto-exploring this place.
 F = Levels seen in this place.
 G = Mean time per level.
                   A        B        C        D        E       F      G
               +--------+--------+--------+--------+--------+-----+--------+
         Total |   2261 |   2210 |     51 |     59 |   1780 |   4 |  565.2 |
       Dungeon |   2261 |   2210 |     51 |     59 |   1780 |   4 |  565.2 |
               +--------+--------+--------+--------+--------+-----+--------+

Top non-repeatable levels by time:
     D:3: 746 daAuts
     D:2: 609 daAuts
     D:1: 570 daAuts
     D:4: 335 daAuts
